 Dungeon Crawl Stone Soup version 0.30-a0-218-gedb9141078 (webtiles) character file.

Game seed: 1327308233922248416

49 timneilson the Shield-Bearer (level 3, -10/23 HPs)
             Began as a Gargoyle Fighter on Oct 5, 2022.
             Mangled by Terence
             ... wielding a +2 flail of distortion
              (17 damage)
             ... on level 2 of the Dungeon.
             The game lasted 00:01:44 (906 turns).

timneilson the Shield-Bearer (Gargoyle Fighter)      Turns: 906, Time: 00:01:45

Health: -10/23     AC: 10    Str: 21    XL:     3   Next: 77%
Magic:  3/3        EV:  9    Int:  8    God:
Gold:   75         SH:  4    Dex:  9    Spells: 2/2 levels left

rFire   . . .      SeeInvis .    a - +0 long sword (flame)
rCold   . . .      Faith    .    c - +0 buckler
rNeg    + . .      Spirit   .    b - +0 scale mail
rPois   ∞          Reflect  .    (no helmet)
rElec   +          Harm     .    (no cloak)
rCorr   .          Rampage  .    (no gloves)
Will    .....                    (no boots)
Stlth   ..........               (no amulet)
HPRegen 0.23/turn                (no ring)
MPRegen 0.08/turn                (no ring)

@: no status effects
A: sickness immunity, AC +3, negative energy resistance 1, electricity
resistance, torment resistance 1, petrification resistance
a: no special abilities


You were on level 2 of the Dungeon.
You visited 1 branch of the dungeon, and saw 2 of its levels.

You collected 75 gold pieces.

Inventory:

Hand Weapons
 a - a +0 long sword of flaming (weapon)
Armour
 b - a +0 scale mail (worn)
 c - a +0 buckler (worn)
Scrolls
 f - 2 scrolls of teleportation
 g - a scroll of amnesia
 j - a scroll of vulnerability {unknown}
Potions
 d - a potion of might
 e - a potion of curing {unknown}
 h - 2 potions of heal wounds {unknown}
 i - 3 potions of magic {unknown}


   Skills:
 + Level 3.4 Fighting
 * Level 2.2 Long Blades
 * Level 3.8 Armour
 + Level 0.4 Dodging
 * Level 4.0 Shields


You had 2 spell levels left.
You didn't know any spells.
Your spell library contained the following spells:

 Spells                   Type           Power      Damage    Failure   Level
 Slow                     Hex            0%         N/A       83%         1
 Ensorcelled Hibernation  Hex/Ice        0%         N/A       92%         2
 Passwall                 Tmut/Erth      0%         N/A       92%         2
 Call Canine Familiar     Summ           0%         N/A       99%         3
 Confusing Touch          Hex            0%         N/A       99%         3
 Portal Projectile        Hex/Tloc       0%         N/A       99%         3
 Swiftness                Air            0%         N/A       99%         3
 Vampiric Draining        Necr           0%         2d6       99%         3
 Leda's Liquefaction      Hex/Erth       0%         N/A       100%        4


Dungeon Overview and Level Annotations

Branches:
Dungeon (2/15)

Altars:

Annotations:
D:2 Terence


Innate Abilities, Weirdness & Mutations

You are immune to sickness and miasma.
Your stone body is resilient. (AC +3)
You are immune to poison.
You resist negative energy. (rN+)
You are resistant to electric shocks. (rElec)
You are resistant to unholy torment.
You are immune to petrification.


Message History

You kill the rat!
You hit the worm. You burn the worm.
The worm is lightly wounded.
You block the worm's attack.
You barely miss the worm.
The worm is lightly wounded.
The worm closely misses you.
You hit the worm. You burn the worm.
The worm is lightly wounded.
You hit the worm but do no damage.
The worm is lightly wounded.
The worm barely misses you.
Terence asks, "Do you want it fast or slow?"
You hit the worm but do no damage.
The worm is lightly wounded.
The worm misses you.
You barely miss the worm.
The worm is lightly wounded.
The worm bites you.
You slash the worm! You burn the worm.
The worm is heavily wounded.
The worm closely misses you.
You barely miss the worm.
The worm is heavily wounded.
You hit the worm. You burn the worm.
The worm is heavily wounded.
The worm bites you.
You slash the worm! You burn the worm.
You kill the worm!
Your Shields skill increases to level 4!
You hit Terence. You burn Terence.
Terence is moderately wounded.
Terence zaps a wand.
The bolt of light hits you!
You hit Terence but do no damage.
Terence is moderately wounded.
Terence closely misses you.
Terence hits you with a +2 flail of distortion.
Space warps horribly around you!
Ouch! That really hurt!
You die...

........$...# # #. #.## #.
#....[......# ###.##.###..####.
#..........# .................
#.w.### #####...###..###
##....# ######..####.#
######...# #.......)###...
..........### #...............
#######.....####.........)##...
#...#..@@†........#..#...
#########.........##.....
##........# #...
#..............# #........###
### #........# #.....>..#
##########


You could see Terence.

Vanquished Creatures
  A worm (D:2)
  3 dart slugs
  3 ball pythons
  A bat (D:1)
  6 endoplasms (D:1)
  5 goblins
  3 hobgoblins (D:1)
  3 jackals (D:1)
  3 quokkas
  4 frilled lizards (D:1)
  A kobold (D:2)
  3 rats (D:2)
36 creatures vanquished.

Notes
Turn   | Place    | Note
-------+----------+-------------------------------------------
     0 | D:1      | timneilson the Gargoyle Fighter began the quest for the
                  | Orb.
     0 | D:1      | Reached XP level 1. HP: 14/14 MP: 1/1
    94 | D:1      | Reached XP level 2. HP: 18/19 MP: 2/2
   357 | D:1      | Reached XP level 3. HP: 23/23 MP: 3/3
   764 | D:2      | Found a faded altar of an unknown god.
   876 | D:2      | Noticed Terence
   905 | D:2      | Reached skill level 4 in Shields
   906 | D:2      | Mangled by Terence

Illustrated notes

Levels and vault maps discovered:
D:1:      mrwooster_arrival_statue_3, layout_basic
D:2:      layout_rooms, ebering_ecumenical_altar_webs, uniq_terence

Skill      XL: |  1  2  3 |
---------------+----------+-----
Long Blades    | 2 |  2.2
Shields        | 4 |  4.0
Fighting       | |  3.4
Armour         | |  3.8
Dodging        | |  0.4

Action                   || total
-------------------------++-------
Melee: Long sword        ||   128
  Use: Scroll            ||     4
Armor: Scale mail        ||    50
Dodge: Dodged            ||    70
Block: Buckler           ||    32

Table legend: (Time is in decaauts)
 A = Elapsed time spent in this place.
 B = Non-inter-level travel time spent in this place.
 C = Inter-level travel time spent in this place.
 D = Time resting spent in this place.
 E = Time spent auto-exploring this place.
 F = Levels seen in this place.
 G = Mean time per level.
                   A        B        C        D        E       F      G
               +--------+--------+--------+--------+--------+-----+--------+
         Total |    948 |    941 |      7 |      0 |    640 |   2 |  474.0 |
       Dungeon |    948 |    941 |      7 |      0 |    640 |   2 |  474.0 |
               +--------+--------+--------+--------+--------+-----+--------+

Top non-repeatable levels by time:
     D:1: 796 daAuts
     D:2: 152 daAuts
